 Dungeon Crawl Stone Soup version 0.31-a0-117-g42d8f58691 (webtiles) character file.

Game seed: 2481870878047638102

711 lunkers the Zephyrmancer (level 7, 0/36 HPs)
             Began as a Tengu Air Elementalist on May 30, 2023.
             Slain by an iguana (3 damage)
             ... on level 5 of the Dungeon.
             The game lasted 00:07:04 (4057 turns).

lunkers the Zephyrmancer (Tengu Air Elementalist)   Turns: 4057, Time: 00:07:05

Health: 0/36       AC:  3    Str:  8    XL:     7   Next: 68%
Magic:  11/15      EV: 14    Int: 18    God:
Gold:   190        SH:  0    Dex: 14    Spells: 5/15 levels left

rFire   . . .        p - +4 war axe
rCold   . . .        (no shield)
rNeg    . . .        a - +0 robe
rPois   .            (helmet restricted)
rElec   .            (no cloak)
rCorr   .            w - +0 pair of gloves
SInv    .            (boots unavailable)
Will    .....        h - amulet of magic regeneration
Stlth   ++           (no ring)
HPRegen 0.26/turn    (no ring)
MPRegen 0.54/turn

%: no passive effects
@: flying quickly and evasively, quick
A: beak, talons 3, nimble flight
a: no special abilities


You were on level 5 of the Dungeon.
You visited 1 branch of the dungeon, and saw 5 of its levels.
You also visited: Ossuary.

You collected 190 gold pieces.

Inventory:

Hand Weapons
 p - a +4 war axe (weapon)
Missiles
 m - 14 curare-tipped darts
Armour
 a - a +0 robe (worn)
 w - a +0 pair of gloves (worn)
Jewellery
 h - an amulet of magic regeneration (around neck)
 q - a ring of fire
Wands
 t - a wand of paralysis (5)
 u - a wand of mindburst (6)
Scrolls
 c - a scroll of immolation
 d - a scroll of amnesia
 f - a scroll of summoning
 y - 2 scrolls of teleportation
 z - a scroll of poison
Potions
 b - 2 potions of magic
 e - a potion of lignification {unknown}
 g - a potion of heal wounds {unknown}
 i - 2 potions of brilliance {unknown}
 j - 5 potions of curing
 k - 4 potions of mutation
 l - a potion of attraction {unknown}
 n - 2 potions of might {unknown}
 o - a potion of cancellation {unknown}
 r - a potion of enlightenment {unknown}
 s - a potion of haste {unknown}
 v - a potion of degeneration {unknown}


   Skills:
 - Level 2.1 Dodging
 - Level 2.0 Stealth
 + Level 4.7 Spellcasting
 - Level 1.3 Conjurations
 * Level 9.6 Air Magic


You had 5 spell levels left.
You knew the following spells:

 Your Spells              Type           Power      Damage    Failure   Level
a - Shock                 Conj/Air       96%        1d9       1%          1
b - Static Discharge      Conj/Air       48%        2-4/arc   2%          2
c - Swiftness             Air            39%        N/A       1%          3
d - Airstrike             Air            19%        2d(3-19)  2%          4

Your spell library contained the following spells:

 Spells                   Type           Power      Damage    Failure   Level
 Apportation              Tloc           8%         N/A       14%         1
 Necrotise                Necr           16%        1d4       14%         1
 Summon Small Mammal      Summ           16%        N/A       14%         1


Dungeon Overview and Level Annotations

Branches:
Dungeon (5/15)            Ossuary (visited)
 Temple: D:4-7

Altars:
Dithmenos
Elyvilon
Makhleb
Ru

Shops:
D:2 ?


Innate Abilities, Weirdness & Mutations

You have a beak for a mouth.
You have claws for feet.
Your magical nature lets you fly swiftly and evasively.


Message History

The adder hisses angrily.
An iguana comes into view.
The adder bites you but does no damage.
You miss the adder. You peck the adder.
The adder is moderately wounded.
The adder bites you but does no damage. x2
You slash the adder!
You kill the adder!
You hit the iguana but do no damage. Your kick misses the iguana.
The iguana barely misses you. The iguana closely misses you.
You hit the iguana but do no damage. Your kick misses the iguana.
The iguana closely misses you.
Casting: Shock (safe; 1% risk of failure)
Confirm with . or Enter, or press ? or * to list all spells.
The iguana is struck by an arc of lightning.
The iguana is moderately wounded.
You are struck by an arc of lightning.
The iguana is struck by an arc of lightning.
The iguana is heavily wounded.
You are struck by an arc of lightning.
The lightning grounds out.
The iguana bites you!
* * * LOW HITPOINT WARNING * * *
Casting: Static Discharge (safe; 2% risk of failure)
Confirm with . or Enter, or press ? or * to list all spells.
The iguana is struck by an arc of lightning.
The iguana is heavily wounded.
You are struck by an arc of lightning.
* * * LOW HITPOINT WARNING * * *
The iguana is struck by an arc of lightning.
The iguana is severely wounded.
The lightning grounds out.
The iguana bites you!
* * * LOW HITPOINT WARNING * * *
Casting: Static Discharge (safe; 2% risk of failure)
Confirm with . or Enter, or press ? or * to list all spells.
The iguana is struck by an arc of lightning.
The iguana is almost dead.
You are struck by an arc of lightning.
* * * LOW HITPOINT WARNING * * *
The lightning grounds out.
The iguana bites you.
You die...

....#...#...# . .#
.##.##.##.#.# ##...#
.##.##.##.#.###
......
.##.##.#......###.#..
#
.##.##.#..#.#.##....
.#
............#.##..#
..
....####.####<##..#.#
.#### #.##........#
[# #......#.@l## ##
####.###..#.# ##.#
#..# .# #..# #... #
####.#####/##
#.......##..
#.##.##.####
#.##.##.# #.##.##.#


You could see an iguana.

Vanquished Creatures
  3 elf zombies (Ossuary)
  A scorpion (D:5)
  A howler monkey (D:3)
  2 orc priests (D:4)
  2 jellies (D:5)
  A sleepcap (D:4)
  2 iguanas (D:4)
  2 mummies (Ossuary)
  3 gnolls (D:5)
  5 adders
  A shadow imp (D:5)
  An ufetubus (D:2)
  2 adder zombies (Ossuary)
  A worm (D:5)
  6 orcs
  A bat (D:1)
  9 endoplasms
  3 giant cockroaches
  6 goblins
  3 hobgoblins
  6 jackals
  A quokka (D:4)
  6 ball pythons
  4 frilled lizards
  3 goblin zombies (Ossuary)
  13 hobgoblin zombies (Ossuary)
  2 jackal zombies (Ossuary)
  9 kobolds
  9 kobold zombies (Ossuary)
  4 orc zombies (Ossuary)
  10 rats
122 creatures vanquished.

Notes
Turn   | Place    | Note
-------+----------+-------------------------------------------
     0 | D:1      | lunkers the Tengu Air Elementalist began the quest for the
                  | Orb.
     0 | D:1      | Reached XP level 1. HP: 10/10 MP: 4/4
   283 | D:1      | Reached XP level 2. HP: 15/15 MP: 4/6
   622 | D:1      | Reached skill level 5 in Air Magic
   719 | D:1      | Reached XP level 3. HP: 19/19 MP: 5/7
   962 | D:2      | Learned a level 2 spell: Static Discharge
   966 | D:2      | Learned a level 3 spell: Swiftness
  1247 | D:2      | Found Ryicip's Magic Scroll Shoppe.
  2292 | D:3      | Reached skill level 6 in Air Magic
  2292 | D:3      | Reached XP level 4. HP: 11/24 MP: 3/9
  2370 | D:4      | Gained mutation: Your magical nature lets you fly swiftly
                  | and evasively. [Tengu growth]
  2370 | D:4      | Reached XP level 5. HP: 28/28 MP: 7/10
  2586 | D:4      | Found a sand-covered staircase.
  2627 | Ossuary  | Entered an ossuary
  2822 | Ossuary  | Reached skill level 7 in Air Magic
  2890 | Ossuary  | Reached XP level 6. HP: 29/32 MP: 7/12
  2921 | Ossuary  | Reached skill level 8 in Air Magic
  3058 | Ossuary  | Learned a level 4 spell: Airstrike
  3138 | D:4      | Reached XP level 7. HP: 27/36 MP: 11/14
  3528 | D:4      | Reached skill level 9 in Air Magic
  3654 | D:5      | Entered Level 5 of the Dungeon
  3935 | D:5      | Found a shadowy altar of Dithmenos.
  4017 | D:5      | Found a white marble altar of Elyvilon.
  4017 | D:5      | Found a sacrificial altar of Ru.
  4018 | D:5      | Found a burning altar of Makhleb.
  4057 | D:5      | Slain by an iguana

Illustrated notes

Levels and vault maps discovered:
D:1:      sevenhm_arrival_forest_fort_large_4, layout_loops_ring
D:2:      layout_loops_ring, serial_shops, nicolae_shop_rolled_up,
          minmay_misc_feat_doors, minmay_stone_trees_small
D:3:      layout_loops_corners, ebering_dispersal_statue_hall,
          chequers_serial_rivers_room_b, nicolae_hexahallways,
          kennysheep_generic_room_6
D:4:      layout_loops_corners, temple_hall, nicolae_ossuary_entry_ruins,
          minmay_vboxes
D:5:      layout_loops_cross, lemuel_crystal_altar,
          nicolae_overflow_quartered_altars

Skill      XL: |  1  2  3  4  5  6  7 |
---------------+----------------------+-----
Air Magic      | 5 6 7 8 9 |  9.6
Spellcasting   | 3 4 |  4.7
Dodging        | |  2.1
Stealth        | |  2.0
Conjurations   | |  1.3

Action                     |  1- 3 |  4- 6 |  7- 9 || total
---------------------------+-------+-------+-------++-------
  Melee: Unarmed           |     2 |     4 |     6 ||    12
         Kick              |     2 |     3 |     2 ||     7
         Punch             |       |     2 |       ||     2
         War axe           |       |       |     6 ||     6
         Peck              |       |       |     1 ||     1
   Cast: Shock             |    92 |   123 |    55 ||   270
         Static Discharge  |     3 |     5 |     5 ||    13
         Airstrike         |       |       |     8 ||     8
    Use: Scroll            |       |    10 |     1 ||    11
   Stab: Sleeping          |       |     1 |       ||     1
 Armour: Robe              |     3 |     4 |    10 ||    17
  Dodge: Dodged            |    16 |    33 |    22 ||    71

Table legend: (Time is in decaauts)
 A = Elapsed time spent in this place.
 B = Non-inter-level travel time spent in this place.
 C = Inter-level travel time spent in this place.
 D = Time resting spent in this place.
 E = Time spent auto-exploring this place.
 F = Levels seen in this place.
 G = Mean time per level.
                   A        B        C        D        E       F      G
               +--------+--------+--------+--------+--------+-----+--------+
         Total |   3960 |   3839 |    121 |      0 |   3148 |   6 |  660.0 |
       Dungeon |   3517 |   3396 |    121 |      0 |   2918 |   5 |  703.4 |
       Ossuary |    443 |    443 |      0 |      0 |    230 |   1 |  443.0 |
               +--------+--------+--------+--------+--------+-----+--------+

Top non-repeatable levels by time:
     D:3: 931 daAuts
     D:4: 814 daAuts
     D:1: 732 daAuts
     D:2: 661 daAuts
 Ossuary: 443 daAuts
     D:5: 377 daAuts
